 Dungeon Crawl Stone Soup version 0.28-a0-861-ge64d6db94f (webtiles) character file.

Game seed: 7336253037957278501

11452 meatgazer the Schismatic (level 11, -14/89 HPs)
             Began as a Demonspawn Abyssal Knight on Nov 15, 2021.
             Was an Elder of Lugonu.
             Collided with a briar patch (15 damage)
             ... caused by a swamp worm
             ... on level 2 of the Lair of Beasts.
             The game lasted 00:20:44 (13287 turns).

meatgazer the Schismatic (DsAK)                    Turns: 13287, Time: 00:20:45

Health: -14/89     AC: 20    Str: 25    XL:     11   Next: 49%
Magic:  19/19      EV:  8    Int: 11    God:    Lugonu [****..]
Gold:   1412       SH:  5    Dex: 28    Spells: 10/10 levels left

rFire   x . .      SeeInvis +   e - +9 war axe "Inaduhu" {flame, *Noise Str+7}
rCold   . . .      Faith    .   (no shield)
rNeg    + + +      Spirit   .   g - +1 plate armour {rPois}
rPois   +          Reflect  +   (helmet unavailable)
rElec   +          Harm     .   f - +0 cloak
rCorr   .          Rampage  .   j - +0 pair of gloves
Will    .....                   a - +3 pair of boots of Starshine {rElec rF- Int-5 Dex+8}
Stlth   ..........              A - amulet "Eney" {Reflect rN+++ Regen+ Str+4 SH+5 Stlth-}
HPRegen 1.24/turn               r - +6 ring of dexterity
MPRegen 0.16/turn               y - ring of flight

@: flying
A: antennae 3, demonic guardian 2, sturdy frame 1, clever 1, electricity
resistance
a: Renounce Religion, Depart the Abyss, Bend Space, Banish, Corrupt


You were on level 2 of the Lair of Beasts.
You worshipped Lugonu.
Lugonu was greatly pleased with you.
You visited 2 branches of the dungeon, and saw 11 of its levels.
You visited the Abyss 1 time.

You collected 1492 gold pieces.
You spent 80 gold pieces at shops.

Inventory:

Hand Weapons
 d - the +8 hand axe of the Thirteen Youths {venom, Stlth+}
   (You found it on level 1 of the Lair of Beasts)

   It poisons the flesh of those it strikes.
   Stlth:     It makes you more stealthy.
 e - the +9 war axe "Inaduhu" (weapon) {flame, *Noise Str+7}
   (You found it on level 4 of the Abyss)

   It burns those it strikes, dealing additional fire damage.
   Big, fiery blades are also staple armaments of hydra-hunters.
   Str:       It affects your strength (+7).
   *Noise:    It may make noises in combat.
 u - a +8 war axe
Missiles
 x - 2 throwing nets
Armour
 a - the +3 pair of boots of Starshine (worn) {rElec rF- Int-5 Dex+8}
   (You acquired it on level 1 of the Dungeon)

   Int:       It affects your intelligence (-5).
   Dex:       It affects your dexterity (+8).
   rF:        It makes you vulnerable to fire.
   rElec:     It insulates you from electricity.
 c - the +3 scale mail of Pit Mugaph {rF+ Will+ Stlth+}
   (You found it on level 2 of the Abyss)

   rF:        It protects you from fire.
   Will:      It increases your willpower.
   Stlth:     It makes you more stealthy.
 f - a +0 cloak (worn)
 g - a +1 plate armour of poison resistance (worn)
 j - a +0 pair of gloves (worn)
Jewellery
 r - a +6 ring of dexterity (left hand)
 y - a ring of flight (right hand)
 A - the amulet "Eney" (around neck) {Reflect rN+++ Regen+ Str+4 SH+5 Stlth-}
   (You acquired it on level 9 of the Dungeon)

   [amulet of reflection]

   It reflects blocked missile attacks.
   Str:       It affects your strength (+4).
   rN:        It renders you almost immune to negative energy.
   Regen:     It increases your rate of health regeneration.
   SH:        It affects your SH (+5).
   Stlth:     It makes you less stealthy.
Wands
 s - a wand of polymorph (8)
 t - a wand of paralysis (17)
 v - a wand of acid (10)
Scrolls
 i - 5 scrolls of immolation
 m - 2 scrolls of teleportation
 p - 3 scrolls of identify
 w - 4 scrolls of fear
 z - a scroll of brand weapon {unknown}
Potions
 b - 2 potions of magic
 k - 2 potions of haste
 l - a potion of berserk rage
 n - 2 potions of brilliance
 o - a potion of resistance
 q - 4 potions of curing
 B - a potion of might
 D - 3 potions of flight
Miscellaneous
 C - a lightning rod (4/4)


   Skills:
 + Level 9.1 Fighting
 * Level 11.0(11.1) Axes
 - Level 1.7(7.2) Polearms
 + Level 6.3 Armour
 - Level 0.8 Dodging
 + Level 11.3 Invocations
 + Level 2.3 Evocations


You had 10 spell levels left.
You didn't know any spells.
Your spell library contained the following spells:

 Spells                   Type           Power      Damage    Failure   Level
 Shock                    Conj/Air       0%         1d3       95%         1
 Passwall                 Tmut/Erth      0%         N/A       99%         2
 Sublimation of Blood     Necr           0%         N/A       99%         2
 Gell's Gravitas          Tloc           0%         N/A       100%        3
 Lesser Beckoning         Tloc           0%         N/A       100%        3
 Swiftness                Air            0%         N/A       100%        3
 Teleport Other           Tloc           0%         N/A       100%        3
 Airstrike                Air            0%         N/A       100%        4
 Animate Dead             Necr           0%         N/A       100%        4
 Petrify                  Tmut/Erth      0%         N/A       100%        4
 Borgnjor's Vile Clutch   Necr/Erth      0%         N/A       100%        5
 Irradiate                Conj/Tmut      0%         3d13      100%        5
 Death Channel            Necr           0%         N/A       100%        6
 Dispersal                Tloc           0%         N/A       100%        6


Dungeon Overview and Level Annotations

Branches:
Dungeon (9/15)             Temple (0/1) D:5            Lair (2/6) D:8
  Swamp (0/4) Lair:2          Orc (0/2) D:9
  Snake: Lair:2-4    Spider: Lair:2-4

Altars:
Ashenzari
Dithmenos
Sif Muna
Wu Jian
Zin

Shops:
D:1 ![   D:4 :   D:9 *

Annotations:
D:9 4 runed translucent doors, Ninjinzu's ghost, novice DrIE; spiderkeys's ghost, novice FeAK
Lair:2 1 transporter


Innate Abilities, Weirdness & Mutations

You have a pair of large antennae on your head. (SInv)
A demonic guardian rushes to your aid.
Your movements are slightly less encumbered by armour. (ER -2)
Your mind is acute. (Int +2)
You are resistant to electric shocks. (rElec)


Message History

You collide with the briar patch!
The briar patch is destroyed!
There are monsters nearby!
Unknown command.
Okay, then.
You struggle against the net.
You struggle against the net.
The swamp worm fires a harpoon shot at you.
The harpoon shot hits you!
A demonic guardian appears!
You are yanked forward by the harpoon shot.
Blink to where?
Press: ? - help, Dir - move target Really blink into that cloud of foul pestilence?
As you read the scroll of blinking, it crumbles to dust.
You are engulfed in dark miasma.
The swamp worm fires a harpoon shot at you.
The harpoon shot misses you.
You reach down and open the door.
You are engulfed in dark miasma.
The swamp worm fires a harpoon shot at you.
The harpoon shot hits you.
You are yanked forward by the harpoon shot.
You collide with the briar patch!
The swamp worm fires a harpoon shot at you.
The harpoon shot hits you!
You are yanked forward by the harpoon shot.
You collide with the briar patch!
* * * LOW HITPOINT WARNING * * *
The swamp worm fires a harpoon shot at you.
The harpoon shot hits you!
* * * LOW HITPOINT WARNING * * *
You are yanked forward by the harpoon shot.
You collide with the briar patch!
Your ice devil hits the briar patch.
Your ice devil freezes the briar patch!!
The briar patch is destroyed!
The swamp worm fires a harpoon shot at you.
The harpoon shot hits you!
* * * LOW HITPOINT WARNING * * *
You are yanked forward by the harpoon shot.
You collide with the briar patch!
You die...

{ ...#. .#.... #..... ## ... ..
.### ######## ### #..##
#....#w#♣#w#♣#...##
########.####≈≈≈#§≈≈##...#
#####.##P##..#=$#PP.4P§PP#..#
#...........©#©(@☼^^^^^^©#©.###
.............#[/#PP§PPPPP#....##
.<(..#.......####§≈#≈≈≈≈##.....#
#...##.##.....##w#♣#w##......##
##^..#####.#...#########.###..P#
#....# ##.#...........##....P#
##..## ##.#..P.##..####.....#
##.## ####..P.#.## #P...## #.#.#
.# ##....## ##...#


You could see 4 swamp worms and a friendly ice devil (summoned).

Vanquished Creatures
  A hydra (D:8)
  Pikel (D:6)
  A manticore (D:7)
  A cane toad (Lair:2)
  Psyche (D:8)
  Maggie (D:6)
  2 komodo dragons
  3 blink frogs (Lair:2)
  2 hornets (D:8)
  Sigmund (D:4)
  A shadow (D:9)
  10 yaks
  A basilisk (D:9)
  Eustachio (D:5)
  2 steam dragons
  Edmund (D:4)
  Duvessa (D:4)
  A hornet zombie (D:9)
  4 orc warriors (D:9)
  2 black bears (Lair:1)
  2 necrophages (D:6)
  2 sky beasts
  3 ogres
  3 centaurs
  A phantom (D:6)
  4 bullfrogs
  2 scorpions
  A wyvern skeleton (D:4)
  A water moccasin zombie (D:6)
  Dowan (D:4)
  8 wights
  3 howler monkeys (D:7)
  7 crimson imps (D:9)
  3 centaur zombies
  5 hounds
  4 orc priests
  3 iguanas
  Terence (D:3)
  An orc wizard (D:9)
  6 hell rats (Lair:2)
  2 howler monkey zombies
  Robin (D:3)
  6 gnolls
  2 adders
  2 shadow imps
  A white imp (D:9)
  2 worms
  A dart slug (D:2)
  25 orcs
  11 endoplasms
  6 giant cockroaches
  14 goblins
  8 hobgoblins
  3 jackals (D:2)
  3 quokkas
  8 ball pythons
  6 bats
  6 frilled lizards
  5 kobolds
  3 rats
214 creatures vanquished.

Vanquished Creatures (collateral kills)
  A blink frog (Lair:2)
  Grinder (D:4)
  A water moccasin (Lair:1)
  An ogre (D:4)
  A ball python (D:4)
  A hobgoblin (D:4)
  A kobold (D:4)
  A briar patch (Lair:2)
8 creatures vanquished.

Vanquished Creatures (others)
  A briar patch (Lair:2)
  16 fungi
  16 plants
33 creatures vanquished.

Grand Total: 255 creatures vanquished

Notes
Turn   | Place    | Note
-------+----------+-------------------------------------------
     0 | Abyss:1  | meatgazer the Demonspawn Abyssal Knight began the quest for
                  | the Orb.
     0 | Abyss:1  | Reached XP level 1. HP: 18/18 MP: 2/2
    20 | Abyss:2  | Identified the +3 scale mail of Pit Mugaph {rF+ Will+
                  | Stlth+}
    86 | Abyss:2  | Noticed a wretched star
    86 | Abyss:2  | Identified the +2 ring mail of Decaruju {Dex+3}
    91 | Abyss:2  | Noticed a starcursed mass
   102 | Abyss:3  | Noticed a small abomination
   125 | Abyss:4  | Noticed a tormentor
   134 | Abyss:4  | Identified the +9 war axe "Inaduhu" {flame, *Noise Str+7}
   136 | D:1      | Escaped the Abyss
   812 | D:1      | Gained mutation: Your movements are slightly less
                  | encumbered by armour. (ER -2) [demonic ancestry]
   812 | D:1      | Reached XP level 2. HP: 23/24 MP: 4/4
   813 | D:1      | Reached skill level 1 in Axes
   937 | D:1      | Found Gyotheno's Distillery.
   941 | D:1      | Reached * piety under Lugonu
   957 | D:1      | Bought a potion of mutation for 80 gold pieces
   957 | D:1      | Gained mutation: You sometimes lose the ability to read
                  | scrolls when taking damage. [potion of mutation]
   957 | D:1      | Gained mutation: You are resistant to electric shocks.
                  | (rElec) [potion of mutation]
  1248 | D:1      | Found Reridu Wuti's Armour Emporium.
  1521 | D:1      | Identified a scroll of acquirement
  1521 | D:1      | Acquired the +3 pair of boots of Starshine {rElec rF- Int-5
                  | Dex+8}
  1599 | D:2      | Reached XP level 3. HP: 29/29 MP: 5/5
  2026 | D:3      | Reached ** piety under Lugonu
  2026 | D:3      | Noticed Robin
  2032 | D:3      | Reached XP level 4. HP: 35/35 MP: 6/6
  2035 | D:3      | Killed Robin
  2128 | D:3      | Found a faded altar of an unknown god.
  2661 | D:3      | Noticed Terence
  2665 | D:3      | Killed Terence
  2843 | D:4      | Noticed Sigmund
  2853 | D:4      | Gained mutation: A weak demonic guardian rushes to your
                  | aid. [demonic ancestry]
  2853 | D:4      | Reached XP level 5. HP: 36/42 MP: 6/8
  2870 | D:4      | Killed Sigmund
  2871 | D:4      | Gained mutation: A demonic guardian rushes to your aid.
                  | [demonic ancestry]
  2871 | D:4      | Reached XP level 6. HP: 34/48 MP: 9/9
  3115 | D:4      | Noticed Grinder
  3150 | D:4      | Killed Grinder
  3151 | D:4      | Reached skill level 5 in Invocations
  3151 | D:4      | Gained mutation: You have a pair of small antennae on your
                  | head. [demonic ancestry]
  3151 | D:4      | Reached XP level 7. HP: 44/55 MP: 9/11
  3453 | D:4      | Reached skill level 5 in Axes
  3531 | D:4      | Noticed Edmund
  3538 | D:4      | Killed Edmund
  3539 | D:4      | Reached skill level 5 in Fighting
  3757 | D:4      | Reached *** piety under Lugonu
  3762 | D:4      | Found Ysopt's Book Shoppe.
  3763 | D:4      | You fall into a shaft and drop 1 floor!
  3763 | D:5      | Entered Level 5 of the Dungeon
  4464 | D:4      | Noticed Dowan
  4466 | D:4      | Noticed Duvessa
  4476 | D:4      | Killed Duvessa
  4483 | D:4      | Killed Dowan
  4780 | D:5      | Gained mutation: You have a pair of antennae on your head.
                  | [demonic ancestry]
  4780 | D:5      | Reached XP level 8. HP: 63/63 MP: 12/12
  4867 | D:5      | Found a staircase to the Ecumenical Temple.
  4876 | D:5      | Identified the +6 great mace of Supply {elec, Will++ Str-2
                  | Dex+9 SInv}
  5108 | D:5      | Noticed Eustachio
  5114 | D:5      | Killed Eustachio
  5629 | D:6      | Noticed Pikel
  5631 | D:6      | Killed Pikel
  5632 | D:6      | Reached XP level 9. HP: 71/71 MP: 13/15
  5772 | D:6      | Noticed Maggie
  5785 | D:6      | Killed Maggie
  6870 | D:7      | Found an ornate altar of the Wu Jian Council.
  6870 | D:7      | Found a shadowy altar of Dithmenos.
  6877 | D:7      | Found a broken altar of Ashenzari.
  6879 | D:7      | Found a shimmering blue altar of Sif Muna.
  6942 | D:7      | Noticed a manticore
  6950 | D:7      | Killed a manticore
  6951 | D:7      | Reached XP level 10. HP: 67/79 MP: 15/17
  7454 | D:7      | Lost mutation: You sometimes lose the ability to read
                  | scrolls when taking damage. [potion of mutation]
  7454 | D:7      | Gained mutation: Your mind is acute. (Int +2) [potion of
                  | mutation]
  7822 | D:8      | Paralysed by a hornet for 3 turns
  7984 | D:8      | Paralysed by a hornet for 3 turns
  8467 | D:8      | Reached **** piety under Lugonu
  8619 | D:8      | Acquired 770 gold pieces
  8642 | D:8      | Found a staircase to the Lair.
  8647 | D:8      | Noticed a six-headed hydra
  8655 | D:8      | Killed a one-headed hydra
  8656 | D:8      | Reached skill level 5 in Armour
  9098 | D:8      | Reached skill level 10 in Invocations
  9166 | D:8      | Noticed Psyche
  9241 | D:8      | Killed Psyche
  9242 | D:8      | Reached skill level 10 in Axes
 10446 | D:9      | Gained mutation: You have a pair of large antennae on your
                  | head. (SInv) [demonic ancestry]
 10446 | D:9      | Reached XP level 11. HP: 62/87 MP: 18/18
 10596 | D:9      | Found a staircase to the Orcish Mines.
 10653 | D:9      | Acquired the amulet "Eney" {Reflect rN+++ Regen+ Str+4 SH+5
                  | Stlth-}
 10694 | D:9      | Found Zudinaf's General Store.
 10953 | D:9      | Found a runed translucent gate.
 10954 | D:9      | Found a runed translucent gate.
 10954 | D:9      | Found a runed translucent gate.
 10955 | D:9      | Noticed spiderkeys's ghost (novice FeAK)
 10998 | D:9      | Noticed Ninjinzu's ghost (novice DrIE)
 11038 | D:9      | Found a runed translucent door.
 11038 | D:9      | Noticed a sixfirhy
 11183 | D:9      | Noticed a two-headed ogre
 11191 | D:9      | Banished a two-headed ogre
 11287 | D:9      | Reached skill level 1 in Evocations
 11444 | Lair:1   | Entered Level 1 of the Lair of Beasts
 11834 | Lair:1   | Identified the +8 hand axe of the Thirteen Youths {venom,
                  | Stlth+}
 12910 | Lair:2   | Found a transporter.
 12969 | Lair:2   | Noticed a bog body
 12970 | Lair:2   | Found a staircase to the Swamp.
 12971 | Lair:2   | Banished a bog body
 13245 | Lair:2   | Found a transporter.
 13287 | Lair:2   | HP: 1/89 [swamp worm/harpoon shot (8)]
 13287 | Lair:2   | Collided with a briar patch

Illustrated notes

Levels and vault maps discovered:
D:1:      dpeg_arrival_rooms_b, layout_basic, serial_shops, shop, shop
D:2:      layout_rooms
D:3:      layout_basic, dreamdust_ecumenical_altar_grove, uniq_robin,
          uniq_terence
D:4:      layout_basic, serial_shops, nicolae_shop_stone, uniq_sigmund,
          uniq_duvessa, uniq_grinder, uniq_edmund
D:5:      layout_loops_ring, minmay_temple_entry_offerings,
          chequers_hall_statues_wall_a, uniq_eustachio
D:6:      layout_basic, nicolae_ossuary_entry_plus, serial_corexii_hall,
          corexii_hall_statues_s, corexii_hall_statues_l, uniq_pikel,
          uniq_maggie
D:7:      layout_cave_pods, chequers_temple_overflow_minitemple,
          nicolae_benzene_ring
D:8:      layout_loops_corners, dpeg_oklobed_lair, minmay_lizard_king,
          uniq_psyche
D:9:      cheibrodos_shockbox, layout_basic, david_orc_4,
          gammafunk_ghost_cemetery, serial_shops, kennysheep_mini,
          kennysheep_path_1, hex_intersection, minmay_fountain_box,
          minmay_nine_imps
Lair:1:   layout_cave_pods, chequers_serial_rivers_large_a, beast_lair_carwin_9
Lair:2:   gammafunk_worm_tunnel, layout_concentric_octagons,
          skrybe_swamp_entry_bodies, serial_rivers,
          chequers_serial_rivers_micro_c, chequers_serial_rivers_small_3,
          chequers_serial_rivers_micro_e, chequers_serial_rivers_micro_c,
          chequers_serial_rivers_large_b

Skill      XL: |  1  2  3  4  5  6  7  8  9 10 11 |
---------------+----------------------------------+-----
Axes           | 1 2 3 4 5 7 9 10 11 | 11.0
Invocations    | 3 4 5 6 8 9 10 11 | 11.3
Fighting       | 4 5 6 7 8 9 |  9.1
Armour         | 2 4 5 6 |  6.3
Evocations     | 2 |  2.3
Polearms       | |  1.7
Dodging        | |  0.8

Action                   |  1- 3 |  4- 6 |  7- 9 | 10-12 || total
-------------------------+-------+-------+-------+-------++-------
Melee: War axe           |    73 |    36 |   137 |   220 ||   466
Invok: Depart the Abyss  |     1 |       |       |       ||     1
       Banish            |       |       |       |     2 ||     2
Evoke: Wand              |       |       |       |     2 ||     2
  Use: Scroll            |     5 |     1 |     4 |    14 ||    24
       Potion            |     4 |     1 |       |     5 ||    10
 Stab: Sleeping          |     1 |     1 |     1 |     2 ||     5
       Distracted        |       |       |     1 |     1 ||     2
Armor: Scale mail        |    43 |    18 |    46 |    67 ||   174
       Plate armour      |       |       |       |    25 ||    25
Dodge: Dodged            |    47 |    27 |    58 |    92 ||   224
Block: Other             |       |       |       |    18 ||    18

Table legend: (Time is in decaauts)
 A = Elapsed time spent in this place.
 B = Non-inter-level travel time spent in this place.
 C = Inter-level travel time spent in this place.
 D = Time resting spent in this place.
 E = Time spent auto-exploring this place.
 F = Levels seen in this place.
 G = Mean time per level.
                   A        B        C        D        E       F      G
               +--------+--------+--------+--------+--------+-----+--------+
         Total |  13346 |  12894 |    452 |   3638 |   7578 |  15 |  889.7 |
       Dungeon |  11370 |  11117 |    253 |   3167 |   6558 |   9 | 1263.3 |
          Lair |   1841 |   1643 |    198 |    471 |    942 |   2 |  920.5 |
         Abyss |    135 |    135 |      0 |      0 |     78 |   4 |   33.8 |
               +--------+--------+--------+--------+--------+-----+--------+

Top non-repeatable levels by time:
     D:8: 2213 daAuts
     D:4: 1899 daAuts
     D:7: 1774 daAuts
     D:1: 1404 daAuts
  Lair:1: 1347 daAuts
     D:6: 1057 daAuts
     D:9: 1005 daAuts
     D:3: 832 daAuts
     D:5: 698 daAuts
  Lair:2: 493 daAuts
     D:2: 483 daAuts
 Abyss:2: 81 daAuts
 Abyss:4: 32 daAuts
 Abyss:1: 12 daAuts
 Abyss:3: 8 daAuts
